AoeStats
← WavingCar9244

Fortress

508610174Analyzed
2v2 RM · 10d ago on Sep 23, 2026· 76m 10s· 4 players
Game mode
Random Map
Map size
Normal (6 player)
Population
200
Speed
Normal
Resources
Standard
Victory
Conquest
Starting age
Dark Age
Ending age
Imperial Age
RankedLock teamsTeams togetherTeam positionsShared explorationLock speedFull tech treeHidden civsTurbo modeCheats
Victory
Defeat
🇨🇱 Huns · Chile
866
+15
🇵🇱 Burgundians · Poland
816
+17
🇺🇸 Gurjaras · United States
841
-16
🇺🇸 Britons · United States
841
-16
SwagAchu
1:41 Loom
4:24 Loom
8:07 Feudal Age
10:44 Fletching
11:36 Wheelbarrow
13:11 Wheelbarrow
16:42 Castle Age
17:03 Padded Archer Armor
18:48 Crossbowman
19:33 Bodkin Arrow
21:52 Leather Archer Armor
23:20 Double-Bit Axe
23:29 Horse Collar
24:23 Gold Mining
28:04 Imperial Age
29:04 Hand Cart
28:54 Arbalester
30:40 Bracer
33:45 Ring Archer Armor
42:30 Chemistry
46:13 Ballistics
X-Minor
1:13 Loom
6:01 Loom
8:24 Feudal Age
6:44 Loom
8:30 Feudal Age
14:47 Castle Age
13:10 Fletching
15:28 Scale Barding Armor
16:42 Crossbowman
36:24 Imperial Age
33:54 Bodkin Arrow
34:09 Forging
36:35 Heavy Camel Rider
41:34 Siege Elephant
46:40 Bloodlines
46:31 Husbandry
46:40 Thumb Ring
61:44 Bracer
62:06 Chain Barding Armor
62:22 Iron Casting
61:50 Padded Archer Armor
Kodetol
8:54 Feudal Age
10:03 Double-Bit Axe
14:52 Castle Age
15:56 Bow Saw
15:41 Stone Mining
15:45 Fletching
15:56 Padded Archer Armor
23:50 Leather Archer Armor
25:41 Wheelbarrow
24:49 Horse Collar
27:28 Hand Cart
32:28 Imperial Age
29:57 Bodkin Arrow
33:15 Elite Skirmisher
34:59 Bracer
38:44 Chemistry
37:40 Murder Holes
38:53 Ballistics
45:37 Forging
48:58 Parthian Tactics
48:39 Thumb Ring
48:12 Heavy Cavalry Archer
54:18 Iron Casting
63:07 Blast Furnace
WavingCar9244
1:31 Double-Bit Axe
5:43 Gold Mining
8:36 Feudal Age
6:59 Horse Collar
9:54 Gold Shaft Mining
10:54 Stone Mining
12:23 Bow Saw
17:43 Castle Age
15:40 Fletching
15:56 Scale Barding Armor
16:02 Forging
16:04 Caravan
17:28 Stone Shaft Mining
17:13 Padded Archer Armor
17:50 Heavy Plow
18:42 Wheelbarrow
19:45 Bodkin Arrow
20:14 Chain Barding Armor
20:38 Town Watch
22:49 Two-Man Saw
22:55 Hand Cart
22:26 Loom
23:21 Iron Casting
23:21 Cavalier
25:00 Ballistics
24:52 Masonry
35:48 Fortified Wall
35:48 Murder Holes
36:04 Husbandry
35:27 Light Cavalry
37:55 Burgundian Vineyards
38:04 Squires
37:25 Pikeman
43:09 Elite Skirmisher
45:05 Crop Rotation
44:50 Scale Mail Armor
44:39 Treadmill Crane
50:03 Chain Mail Armor
49:44 Bodkin Arrow
50:05 Leather Archer Armor
50:54 Guard Tower
56:12 Imperial Age
54:13 Arson
59:29 Conscription
59:18 Hussar
59:33 Halberdier
60:48 Plate Mail Armor
60:57 Plate Barding Armor
60:02 Paladin
61:58 Bracer
67:25 Plate Mail Armor
67:56 Blast Furnace
68:04 Chemistry
67:40 Keep
67:37 Architecture
72:03 Arrowslits
72:39 Bombard Tower
Connection lost

Rejoining the realm…

Still unreachable

The connection could not be restored.

Session expired

The server has moved on; the page needs a fresh start.